 Dungeon Crawl Stone Soup version 0.24.0-125-gc4c63601f3 (webtiles) character file.

Game seed: 17561203062467010887, levelgen mode: deterministic

10231 hazymike the Grappler (level 11, -4/97 HPs)
             Began as a Ghoul Berserker on Feb 22, 2020.
             Was a High Priest of Trog.
             Killed from afar by Rutuon's ghost (18 damage)
             ... with an orb of energy
             ... on level 10 of the Dungeon.
             The game lasted 01:11:21 (12451 turns).

hazymike the Grappler (Ghoul Berserker)            Turns: 12451, Time: 01:11:22

Health: -4/97      AC: 18    Str: 21    XL:     11   Next: 58%
Magic:  13/13      EV:  5    Int:  3    God:    Trog [*****.]
Gold:   685        SH:  8    Dex: 11    Spells: 10/10 levels left

rFire    . . .     SeeInvis .     - Unarmed
rCold    + . .     Gourm    .   l - +0 shield
rNeg     + + +     Faith    .   v - +0 plate armour
rPois    ∞         Spirit   .   m - +2 hat
rElec    .         Reflect  .   C - +2 cloak
rCorr    .         Harm     .   (no gloves)
MR       .....                  (no boots)
Stlth    ..........             B - amulet of the acrobat
HPRegen  0.00/turn              (no ring)
MPRegen  0.13/turn              (no ring)

@: rotting
A: rotting body, claws 1, carnivore, cold resistance 1, negative energy
resistance 3, inhibited regeneration, torment resistance, unbreathing
a: Trog's Hand, Brothers in Arms, Renounce Religion


You were on level 10 of the Dungeon.
You worshipped Trog.
Trog was extremely pleased with you.
You were not hungry.

You visited 1 branch of the dungeon, and saw 10 of its levels.
You also visited: Sewer.

You collected 685 gold pieces.

Inventory:

Hand Weapons
 a - a +1 hunting sling of velocity
Missiles
 c - 225 stones
 h - 49 poisoned darts (quivered)
 o - 103 sling bullets
 q - 2 curare-tipped darts
 D - 2 javelins
Armour
 d - a +1 ring mail of fire resistance
 k - a +1 ring mail of cold resistance
 l - a +0 shield (worn)
 m - a +2 hat (worn)
 v - a +0 plate armour (worn)
 C - a +2 cloak (worn)
Jewellery
 B - an amulet of the acrobat (around neck)
 K - a cursed -2 ring of strength {unknown}
Wands
 r - a wand of disintegration (11)
 t - a wand of enslavement (4)
 w - a wand of flame (43)
 E - a wand of clouds (1)
 I - a wand of paralysis (10)
Scrolls
 e - a scroll of blinking
 f - 2 scrolls of magic mapping
 i - 2 scrolls of enchant armour
 j - 3 scrolls of enchant weapon
 s - 5 scrolls of remove curse
 x - 2 scrolls of fog
 y - 5 scrolls of teleportation
 A - 2 scrolls of identify
 F - 2 scrolls of immolation
 J - a scroll of fear
Potions
 g - 4 potions of curing
 p - 5 potions of might
 z - a potion of agility
 G - a potion of degeneration {unknown}
 H - 2 potions of haste
Comestibles
 b - 23 rations


   Skills:
 + Level 9.5 Fighting
 + Level 2.2 Slings
 + Level 7.7 Armour
 - Level 4.0 Dodging
 + Level 2.3 Shields
 * Level 12.7 Unarmed Combat
 + Level 4.1 Evocations


You had 10 spell levels left.
You didn't know any spells.
Your spell library was empty.

Dungeon Overview and Level Annotations

Branches:
Dungeon (10/15)            Temple (0/1) D:5            Lair (0/6) D:10
    Orc (0/2) D:10          Sewer (visited)

Altars:
Ashenzari
Fedhas
Gozag
Nemelex Xobeh
Okawaru
Zin
The Shining One

Annotations:
D:5 1 runed translucent door, exclusion: door, Crazy Yiuf
D:10 Rutuon's ghost, journeyman DrCj


Innate Abilities, Weirdness & Mutations

Your body is rotting away.
You thrive on raw meat.
You are immune to poison.
You have sharp fingernails.
You are carnivorous and can eat meat at any time.
Your flesh is cold resistant. (rC+)
You are immune to negative energy. (rN+++)
You do not regenerate when monsters are visible.
You are immune to unholy pain and torment.
You can survive without breathing.


Message History

The wolf spider is engulfed in noxious fumes.
The wolf spider hits Rutuon's ghost.
The wolf spider bites Rutuon's ghost.
Rutuon's ghost boasts, "After taking care of you, I will research a spell that consumes the world."
You strike the helpless wolf spider from behind!
You mangle the wolf spider!!
You kill the wolf spider!
Trog accepts your kill. Rutuon's ghost casts a spell at you.
The magic dart hits you but does no damage.
Rutuon's ghost hits you but does no damage.
You claw Rutuon's ghost!
Rutuon's ghost is lightly damaged.
Rutuon's ghost gestures at you while chanting.
The orb of energy hits you!!
* * * LOW HITPOINT WARNING * * *
The orb of energy explodes!
You feel better. Rutuon's ghost casts a spell at you.
The orb of energy hits you!!
You die...

....#.# #......#####....#
....#.#
######......#........#
....#.#
#)..........#........#
......#
#.........###........#
......#
#.........###.......##
......###..#####§§§.........#
...........# §§#§§..........#
...)..###..# §§§W§..........#
####### #..# §§#@####.......#
#..#####.# #.......#
#........####.......#
#...................#
#####...............#
#.............###
#.............#
#.............#
#...........###


You could see Rutuon's ghost.

Vanquished Creatures
  Erica (D:8)
  A two-headed ogre (D:9)
  Pikel (D:8)
  A wolf spider (D:10)
  Joseph (D:8)
  Maurice (D:7)
  Psyche (D:7)
  2 komodo dragons (D:10)
  Grinder (D:3)
  2 hornets
  2 wyverns (D:10)
  Menkaure (D:6)
  A water moccasin (D:10)
  3 slaves (D:7)
  5 orc warriors
  2 sky beasts
  A swamp drake (D:10)
  An ice beast (D:5)
  5 phantoms
  5 ogres
  A necrophage (D:7)
  A crocodile (D:10)
  3 centaurs
  A big kobold (D:7)
  5 bullfrogs
  5 scorpions
  5 wights (D:6)
  11 howler monkeys
  3 crimson imps
  3 bullfrog zombies
  6 hounds
  3 centaur zombies
  6 orc priests
  6 jellies
  10 orc wizards
  3 iguanas
  5 worker ants
  2 hound skeletons
  2 worker ant zombies
  17 adders
  4 gnolls
  2 river rats (D:3)
  4 shadow imps
  19 oozes
  An adder skeleton (D:4)
  2 worms
  2 dart slugs (D:2)
  16 leopard geckos
  36 orcs
  13 bats
  19 giant cockroaches
  9 goblins
  5 hobgoblins
  13 jackals
  6 quokkas
  12 ball pythons
  14 frilled lizards
  8 kobolds
  A leopard gecko skeleton (D:4)
  A leopard gecko zombie (D:8)
  6 rats
  A plant (D:7)
330 creatures vanquished.

Notes
Turn   | Place    | Note
-------+----------+-------------------------------------------
     0 | D:1      | hazymike the Ghoul Berserker began the quest for the Orb.
     0 | D:1      | Reached XP level 1. HP: 19/19 MP: 0/0
   297 | D:1      | Reached XP level 2. HP: 25/26 MP: 1/1
   491 | D:1      | You fall into a shaft and drop 1 floor!
   692 | D:1      | Found a glowing golden altar of the Shining One.
   963 | D:2      | Reached XP level 3. HP: 31/31 MP: 2/2
  1227 | D:2      | Reached skill level 4 in Unarmed Combat
  1438 | D:2      | Reached XP level 4. HP: 38/40 MP: 3/3
  1589 | D:2      | Reached ** piety under Trog
  1731 | D:2      | Found an iron altar of Okawaru.
  2636 | D:3      | Reached XP level 5. HP: 35/46 MP: 4/4
  2735 | D:3      | Found a glowing drain.
  2739 | Sewer    | Entered a sewer
  2935 | Sewer    | Reached skill level 5 in Unarmed Combat
  2946 | Sewer    | Reached *** piety under Trog
  3053 | Sewer    | Reached XP level 6. HP: 52/52 MP: 5/5
  3539 | D:3      | Reached XP level 7. HP: 51/60 MP: 6/6
  3548 | D:3      | Reached skill level 6 in Unarmed Combat
  3895 | D:3      | Reached **** piety under Trog
  4072 | D:3      | Found a faded altar of an unknown god.
  4467 | D:3      | Noticed Grinder
  4492 | D:3      | Paralysed by Grinder for 2 turns
  4507 | D:3      | Killed Grinder
  4507 | D:3      | Reached skill level 5 in Fighting
  5377 | D:4      | Reached XP level 8. HP: 65/68 MP: 7/7
  5481 | D:4      | Reached skill level 7 in Unarmed Combat
  5578 | D:4      | Found a blossoming altar of Fedhas.
  5824 | D:5      | Entered Level 5 of the Dungeon
  5854 | D:5      | Found a staircase to the Ecumenical Temple.
  5962 | D:5      | Found a runed translucent door.
  5963 | D:5      | Noticed Crazy Yiuf
  6167 | D:5      | Found a shattered altar of Ashenzari.
  6411 | D:5      | Found a glowing silver altar of Zin.
  6653 | D:6      | Reached skill level 8 in Unarmed Combat
  6840 | D:6      | Noticed Menkaure
  6865 | D:6      | Killed Menkaure
  6865 | D:6      | Reached skill level 5 in Armour
  6865 | D:6      | Reached XP level 9. HP: 27/78 MP: 8/8
  7149 | D:6      | Reached skill level 9 in Unarmed Combat
  7458 | D:6      | Reached ***** piety under Trog
  7849 | D:7      | Found a sparkling altar of Nemelex Xobeh.
  8220 | D:7      | Reached skill level 10 in Unarmed Combat
  8557 | D:8      | Found an opulent altar of Gozag.
  8665 | D:8      | Noticed Erica
  8865 | D:8      | Reached XP level 10. HP: 77/88 MP: 9/9
  9146 | D:8      | Noticed Psyche
  9163 | D:7      | Killed Psyche
  9163 | D:7      | Reached skill level 11 in Unarmed Combat
  9163 | D:7      | Reached skill level 1 in Evocations
  9275 | D:8      | Noticed Pikel
  9277 | D:8      | Noticed Maurice
  9495 | D:7      | Killed Maurice
  9679 | D:8      | Noticed Joseph
  9694 | D:8      | Killed Joseph
  9872 | D:8      | Received a gift from Trog
  9873 | D:8      | Got a polished arbalest {god gift}
 10118 | D:8      | Killed Pikel
 10160 | D:8      | Killed Erica
 10160 | D:8      | Reached skill level 12 in Unarmed Combat
 10470 | D:9      | Identified the +3 arbalest of Xail {freeze, +Fly} (Trog
                  | gifted it to you on level 8 of the Dungeon)
 10599 | D:9      | Noticed a two-headed ogre
 10611 | D:9      | Killed a two-headed ogre
 10611 | D:9      | Reached skill level 1 in Shields
 10611 | D:9      | Reached XP level 11. HP: 76/97 MP: 12/12
 10789 | D:9      | Reached skill level 1 in Slings
 11135 | D:10     | Entered Level 10 of the Dungeon
 11506 | D:10     | Received a gift from Trog
 11587 | D:10     | Found a runed translucent door.
 11589 | D:10     | Noticed a wolf spider
 11589 | D:10     | Noticed Rutuon's ghost (journeyman DrCj)
 12051 | D:10     | Found a staircase to the Lair.
 12370 | D:10     | Found a staircase to the Orcish Mines.
 12448 | D:10     | Killed a wolf spider
 12451 | D:10     | Killed from afar by Rutuon's ghost

Levels and vault maps discovered:
D:1:      dpeg_arrival_simpleton_c, layout_basic, tso_metal_star
D:2:      layout_basic, kennysheep_okawaru_gauntlet, minmay_shallow_snake_nest
D:3:      cheibrodos_helix_gallery, layout_basic, gup_sewer_entry_spiral,
          chequers_ecumenical_altar_grove, minmay_quadrilaterals, uniq_grinder
D:4:      layout_basic, lemuel_crystal_altar
D:5:      layout_loops_ring, marbit_many_paths, evilmike_ruin_ashenzari,
          minmay_temple_entry_water_ring, first_ration, uniq_crazy_yiuf_cottage
D:6:      layout_loops_ring, uniq_menkaure
D:7:      layout_rooms, nemelex_xobeh_ov_fountains_minmay, kennysheep_boxes
D:8:      layout_cave_pools, grunt_gozag_breadcrumbs, uniq_psyche, uniq_erica,
          uniq_pikel, uniq_joseph, uniq_maurice
D:9:      layout_roguey, dk_noncrumbling_3
D:10:     layout_basic, erik_lair_dragon, david_orc_4,
          ebering_ghost_inner_flame, hangedman_little_slice_of_home,
          hangedman_decor_riveting

Skill      XL: |  1  2  3  4  5  6  7  8  9 10 11 |
---------------+----------------------------------+-----
Armour         | 2 3 5 6 7 |  7.7
Dodging        | 2 3 4 |  4.0
Unarmed Combat | 4 5 6 8 10 12 | 12.7
Fighting       | 4 5 6 7 9 |  9.5
Evocations     | 3 4 |  4.1
Shields        | 1 2 |  2.3
Slings         | 2 |  2.2

Action                   |  1- 3 |  4- 6 |  7- 9 | 10-12 || total
-------------------------+-------+-------+-------+-------++-------
Melee: Unarmed           |    82 |   308 |   452 |   376 ||  1218
       Punch             |     1 |     4 |     6 |     5 ||    16
 Fire: Hunting sling     |       |       |       |     7 ||     7
Throw: Stone             |    30 |    29 |   174 |       ||   233
       Dart              |       |       |    21 |   120 ||   141
Evoke: Wand              |       |       |       |     1 ||     1
  Use: Scroll            |       |     8 |    10 |     7 ||    25
       Potion            |       |       |       |     2 ||     2
 Stab: Confused          |       |       |       |     2 ||     2
  Eat: Chunk             |     8 |     4 |    17 |    10 ||    39
       Ration            |       |       |     1 |       ||     1
Armor: Animal skin       |    11 |       |       |       ||    11
       Leather armour    |     1 |    18 |       |       ||    19
       Ring mail         |       |    70 |    26 |       ||    96
       Plate armour      |       |       |   159 |   165 ||   324
       Chain mail        |       |       |     2 |       ||     2
Dodge: Dodged            |    37 |   163 |   155 |    76 ||   431
Block: Shield            |       |       |       |    66 ||    66
